groovejumper, lawful female human Monk ----- -------------- ------------- |...| #-%...........| |...........| ------- |....######|............| #............| ##......| |...| # ##............| ###|...........| # |.....| |..>| ### #|............| # |...........| ## ### ----|-- ---.- #-------%------ ### |...........| --.--# # # ########## # -.----##----- |...|# # ### # ### ####### #....|# 0 # ### # # ###|...@# 0 # # # ### # |...| 0 # ####################0########### +...| 0 # -----------################## # ----- ) # |.........+## ----.--### # ------.---- |.........|# |.....|# ----%-- |.........| |.........|# |.....## |)0...| |.........| |..........# |.....|# |0[..)| |.........| --------#-- |.....|# |.)...| |..........################### |....<.# |0[..[| ----------- ------- ------- groovejumper the Initiate Experience level: 8 Strength: 25 Dexterity: 13 Constitution: 13 Intelligence: 12 Wisdom: 11 Charisma: 12 Health: 0(59) Energy: 32(35) AC: 2 Gold: 0 Moves: 3006 Your Inventory: Amulets E - an [uncursed] octagonal amulet [versus poison] Armor b - an uncursed +1 robe (being worn) l - a cursed +0 helm of opposite alignment (being worn) s - an uncursed -2 pair of speed boots u - a cursed -1 T-shirt (being worn) v - an uncursed +0 pair of jumping boots (being worn) w - a blessed +0 pair of gauntlets of power (being worn) x - an uncursed [+0] pair of hiking boots [water walking] Comestibles f - an uncursed food ration j - 2 uncursed tripe rations B - an [uncursed] avacado C - an [uncursed] carrot D - an [uncursed] food ration K - an [uncursed stale] egg Scrolls d - an uncursed scroll of confuse monster i - an [uncursed] unlabeled scroll [of blank paper] Spellbooks c - a blessed spellbook of protection p - an uncursed spellbook of magic missile A - an [uncursed] spellbook of wizard lock Potions e - 3 uncursed potions of healing y - an uncursed icy potion [of fruit juice] G - an [uncursed] yellow potion [of restore ability] H - an [uncursed] indigo potion [of monster detection] S - a [cursed] orange potion [of full healing] T - an [uncursed] magenta potion [of invisibility] Rings n - an uncursed porcelain ring [of invisibility] Tools r - an [uncursed] can of grease [0:16] t - an uncursed tinning kit [0:60] R - an [uncursed tin] whistle Gems o - an uncursed black gem [worthless glass] Spells known in the end: Name Level Category Fail Memory a - protection 1 clerical 0% [|||||||.] b - magic missile 2 attack 88% [||||||||] c - wizard lock 2 matter 88% [||||||||] Your skills at the end: Fighting Skills martial arts [Basic / Grand Master] Weapon Skills Spellcasting Skills healing spells [Basic / Expert] Final Attributes: You were piously aligned. Hunger level was 246. Your alignment was 23 / 25. Monster difficulty range was 1 - 7. Level difficulty was 6. You were immune to sleep. You were immune to poison. You saw invisible. You were telepathic. You were warned. You were stealthy. You could jump. You were protected. You were fast. Your luck was zero. Shan Lai Ching was angry with you (1). You are dead. Vanquished creatures: 2 large mimics 2 small mimics a plains centaur an ape 4 soldier ants a bugbear 3 Mordor orcs a rock piercer 2 rock moles 2 yellow lights a shrieker a gnome lord a kobold mummy an elf zombie a paper golem 4 giant ants 2 floating eyes a homunculus 2 rabid rats a centipede a wererat 4 coyotes a gas spore 7 manes 2 large kobolds a hobgoblin 3 Keystone Kops 4 jackals 2 foxes a bat 3 lichens a newt 64 creatures vanquished. Voluntary challenges: You pretended to be a vegetarian. You never hit with a wielded weapon. You read items or engraved 11 times. You put on armor 10 times. You never genocided any monsters. You never polymorphed an object. You never changed form. You used no wishes. You never wrote Elbereth's name. You never encountered a bones level. You never used any Sokoban shortcuts. Dungeon overview: The Dungeons of Doom: levels 1 to 6 Level 1 a long staircase Level 2 an armor shop Level 3 an armor shop, some fountains Level 4 a long staircase Level 5 an altar to Shan Lai Ching, some fountains Level 6 <- You were here a general store History has recorded: On T:1 you entered the Dungeons of Doom to retrieve the Amulet of Yendor! On T:241 you reached level 2 of The Dungeons of Doom. On T:272 you advanced to experience level 2. On T:310 you advanced to experience level 3. On T:415 you reached level 3 of The Dungeons of Doom. On T:495 you reached level 4 of The Dungeons of Doom. On T:643 you advanced to experience level 4. On T:836 you advanced to experience level 5. On T:911 you advanced to experience level 6. On T:1116 you reached level 5 of The Dungeons of Doom. On T:2346 you advanced to experience level 7. On T:2378 you received Snickersnee from Shan Lai Ching. On T:2695 you received a rustproof double-headed axe of warning from Shan Lai Ching. On T:2732 you reached level 6 of The Dungeons of Doom. On T:2835 you advanced to experience level 8. Latest messages: Too far! Where do you want to jump? Sipaliwini zaps a wand of striking! The wand misses you. Where do you want to jump? Sipaliwini zaps a wand of striking! The wand hits you! [HP-6=39] [HP+1=40] Where do you want to jump? You cannot see where to land! The golden haze around you becomes less dense. [HP+1=41] Your tripe rations would get too dirty. Sipaliwini hits! (4x) You die... Sipaliwini takes all your possessions. Final status: Punardarsanaya groovejumper the Monk... You died in The Dungeons of Doom on dungeon level 6 with 4474 points, and 0 pieces of gold, after 3006 moves. You were level 8 with a maximum of 59 hit points when you died.